Map: Ruins of Seras

Players

저그장인

  • Race: Zerg Zerg
  • League: Gold

Bagain - Winner!

  • Race: Protoss Protoss
  • League: Gold

VOD

Have the link to the VOD?

Description

Time

  • Played on: March 8, 2016, 10:50 a.m.
  • Length: 12:00
Show
View Real Time Build Order
Export as new Build Order

저그장인 Zerg 

Build Orders: 3 Hatch before Pool 

Get SALT Encoding   

  12  0:01  Drone  
  13  0:12  Overlord  
  13  0:18  Drone  
  14  0:31  Drone x2  
  14  0:34  Drone  
  17  0:54  Hatchery  
  17  0:56  Drone  
  17  1:00  Drone  
  18  1:07  Drone  
  19  1:24  Drone  
  20  1:30  Drone  
  20  1:31  Hatchery  
  20  1:34  Extractor  
  20  1:39  Drone  
  20  1:49  Spawning Pool  
  20  1:51  Drone  
  20  2:06  Drone x2  
  22  2:12  Drone  
  23  2:17  Drone  
  24  2:23  Drone  
  24  2:29  Drone  
  26  2:36  Queen  
  28  2:39  Metabolic Boost  
  28  2:43  Zergling x4, Queen  
  32  2:45  Zergling x2  
  32  2:48  Overlord  
  33  2:59  Drone  
  34  3:07  Drone  
  34  3:08  Drone x4  
  39  3:13  Drone  
  40  3:23  Queen  
  42  3:27  Overlord x2  
  42  3:33  Spore Crawler  
  41  3:37  Spore Crawler  
  40  3:46  Drone x2, Spore Crawler  
  40  3:47  Drone x5  
  46  3:48  Drone  
  47  3:58  Zergling x10  
  52  4:09  Drone x4  
  55  4:20  Zergling x6  
  57  4:28  Extractor  
  57  4:29  Extractor  
  55  4:34  Extractor  
  54  4:48  Zergling x8  
  54  4:49  Overlord x2  
  54  4:50  Overlord x2  
  56  5:10  Drone x5  
  56  5:12  Drone  
  56  5:13  Drone x8  
  70  5:32  Extractor  
  70  5:34  Extractor  
  70  5:35  Drone x2  
  70  5:46  Lair  
  70  5:49  Pneumatized Carapace  
  70  5:53  Drone  
  71  6:22  Drone x14  
  71  6:23  Drone x2  
  87  6:45  Spire  
  86  6:57  Zergling x2  
  86  6:58  Zergling x6  
  86  6:59  Overlord x5  
  86  7:00  Overlord x3  
  90  7:10  Hatchery x2  
  88  7:17  Zergling x2  
  88  7:18  Zergling x12  
  90  7:33  Zergling x20  
  87  7:38  Zergling x2  
  78  7:50  Zergling x6  
  73  7:53  Zergling x2  
  73  7:56  Zergling x2  
  73  8:11  Mutalisk x3  
  73  8:12  Mutalisk  
  73  8:16  Mutalisk  
  73  8:17  Mutalisk x2  
  71  8:28  Mutalisk x2  
  71  8:30  Mutalisk  
  68  8:38  Zergling x2  
  63  8:41  Mutalisk  
  63  8:44  Mutalisk x3  
  68  9:00  Zergling x10  
  66  9:06  Zergling x4  
  56  9:22  Mutalisk x2  
  50  9:37  Mutalisk  
  51  9:48  Mutalisk x2  
  53  10:08  Mutalisk  
Show
View Real Time Build Order
Export as new Build Order

Bagain Protoss - Winner!

Build Orders: Zealot Archon 

Get SALT Encoding   

  12  0:01  Probe (Chrono Boost)  
  13  0:12  Probe (Chrono Boost)  
  14  0:22  Probe (Chrono Boost)  
  14  0:24  Pylon  
  16  0:43  Probe (Chrono Boost)  
  16  0:46  Gateway  
  16  0:53  Probe (Chrono Boost)  
  17  0:58  Assimilator  
  17  1:04  Probe (Chrono Boost)  
  18  1:14  Probe (Chrono Boost)  
  19  1:25  Probe (Chrono Boost)  
  20  1:35  Cybernetics Core, Probe (Chrono Boost)  
  20  1:39  Pylon  
  21  1:46  Probe (Chrono Boost)  
  22  1:56  Nexus  
  22  2:07  Gateway  
  22  2:17  Mothership Core (Chrono Boost)  
  22  2:22  Assimilator  
  24  2:34  Warp Gate  
  24  2:35  Probe (Chrono Boost)  
  25  2:46  Probe (Chrono Boost)  
  25  2:48  Adept (Chrono Boost)  
  28  3:08  Probe x2 (Chrono Boost)  
  28  3:12  Adept (Chrono Boost)  
  32  3:15  Adept (Chrono Boost)  
  32  3:19  Probe x2  
  36  3:29  Gateway  
  36  3:33  Probe x2  
  38  3:36  Adept (Chrono Boost)  
  38  3:40  Adept (Chrono Boost)  
  42  3:41  Pylon  
  42  3:47  Probe x2  
  44  3:58  Twilight Council  
  44  4:02  Assimilator  
  44  4:09  Adept (Chrono Boost)  
  44  4:10  Adept (Chrono Boost)  
  46  4:21  Adept  
  48  4:35  Resonating Glaives  
  48  4:42  Templar Archives  
  48  4:44  Pylon, Probe x2 (Chrono Boost)  
  50  4:55  Probe x2 (Chrono Boost)  
  44  5:10  Gateway  
  44  5:12  Assimilator  
  44  5:13  Probe x2 (Chrono Boost)  
  46  5:20  High Templar  
  48  5:23  Probe (Chrono Boost)  
  48  5:25  High Templar  
  51  5:33  Probe (Chrono Boost)  
  51  5:34  Probe (Chrono Boost)  
  53  5:41  Gateway  
  53  5:42  Gateway  
  53  5:44  Probe x2 (Chrono Boost)  
  53  5:45  Pylon  
  53  5:47  Pylon  
  53  5:48  High Templar  
  57  5:55  Probe x2 (Chrono Boost)  
  57  5:56  High Templar  
  61  6:07  Adept  
  61  6:09  Probe x2 (Chrono Boost)  
  65  6:16  Adept  
  67  6:20  Probe x2 (Chrono Boost)  
  69  6:31  High Templar x2  
  73  6:34  Adept  
  73  6:37  Adept  
  77  6:46  Archon x3  
  77  6:57  Pylon  
  77  6:59  Pylon  
  77  7:01  Pylon  
  77  7:04  Pylon  
  77  7:12  Nexus  
  77  7:16  Assimilator  
  77  7:18  Assimilator  
  77  7:21  Pylon  
  77  7:22  Pylon  
  77  7:25  Pylon  
  77  7:30  Pylon  
  77  7:33  Adept x5  
  77  7:34  Adept  
  83  8:00  Adept x2  
  83  8:02  High Templar x3  
  83  8:03  High Templar  
  85  8:22  High Templar x2  
  89  8:37  Archon x2  
  89  8:40  Archon  
  85  8:59  High Templar x3  
  83  9:15  High Templar  
  85  9:21  Probe x3 (Chrono Boost)  
  82  9:31  Archon, Probe (Chrono Boost)  
  81  9:49  High Templar  
  81  9:50  High Templar x2  
  87  9:54  Archon  
  87  9:56  Archon  
  87  10:04  Stalker x3  
  93  10:18  Probe x3 (Chrono Boost)  
  96  10:24  Gateway  
  96  10:26  Gateway  
  97  10:28  Gateway, Probe (Chrono Boost)  
  97  10:31  Gateway, Stalker x2  
  97  10:32  Stalker x4  
  109  10:35  Gateway  
  109  10:50  Probe x3 (Chrono Boost)  
  109  11:00  Probe x3 (Chrono Boost)  
  109  11:11  Probe x3 (Chrono Boost)  
  109  11:22  High Templar x4  
  109  11:23  High Templar x2  
  109  11:37  Stalker  
  109  11:38  Stalker x2  
  109  11:42  Archon x2  
  109  11:44  Archon  
Tags
 
Composition
Zealot Archon
League
GoldGold
Matchup
PvZ
Replay Pack
rep
Add a new tag
Caveats
  • Supply blocks, unpowered buildings, or Contaminate may cause inaccurate times.
  • Supply counts are checked every 10 seconds.